[Event "EYCC Open U12 2018"]
[Site "Riga"]
[Date "2018.08.20"]
[Round "1"]
[White "Murzin, Volodar"]
[Black "Zilakauskis, Steponas"]
[Result "1-0"]
[ECO "C00"]
[WhiteElo "2306"]
[BlackElo "1696"]
[Annotator "NA"]
[PlyCount "57"]
[EventDate "2018.08.20"]
[EventType "swiss"]
[EventCountry "LAT"]
[SourceTitle "playchess.com"]
[Source "ChessBase"]
[SourceQuality "1"]
[TimeControl "40/5400+30:1800+30"]

1. e4 e6 2. d3 d5 3. Nd2 c5 4. Ngf3 Nc6 5. g3 g6 6. Bg2 Bg7 7. O-O Nf6 8. Re1 O-O {[%emt 0:00:20] LiveBook: 213 Games} 9. c3 Qc7 10. Nf1 Rd8 (10... d4 $11) 11. e5 Nd7 $14 12. d4 Nb6 13. Bg5 Re8 14. h4 h6 15. Bf4 cxd4 16. cxd4 Qe7 17. N1h2 Bd7 18. b3 f5 19. exf6 Qxf6 20. Ng4 Qf8 21. Nge5 Nxe5 22. Nxe5 Qf6 23. Qd2 Kh7 24. Bf1 Qf8 25. Bd3 Bxe5 26. Rxe5 Re7 27. Rh5 Be8 28. Rxh6+ Kg7 29. Be5+ 1-0

[Event "EYCC Open U12 2018"]
[Site "Riga"]
[Date "2018.08.20"]
[Round "1"]
[White "Safin, Robert"]
[Black "Valvag, Torbjorn"]
[Result "1-0"]
[ECO "E01"]
[WhiteElo "2156"]
[BlackElo "1674"]
[Annotator "NA"]
[PlyCount "105"]
[EventDate "2018.08.20"]
[EventType "swiss"]
[EventCountry "LAT"]
[SourceTitle "playchess.com"]
[Source "ChessBase"]
[SourceQuality "1"]
[TimeControl "40/5400+30:1800+30"]

1. d4 Nf6 2. c4 e6 3. g3 d5 4. Bg2 Bb4+ 5. Bd2 {[%emt 0:00:06] E01: Catalan: Early deviations} Bxd2+ (5... Be7 6. Nf3 O-O 7. O-O Nbd7 8. b4 c6 9. a4 Ne4 10. Be1 f5 11. b5 Bd6 12. Qc2 Qe7 13. Nc3 g5 14. Rb1 g4 15. Nd2 Nxc3 16. Qxc3 {0-1 (63) So,W (2780)-Wei,Y (2729) chess.com INT 2018}) 6. Nxd2 b6 7. e3 $146 ({Predecessor:} 7. Ngf3 Bb7 8. Qa4+ Nbd7 9. Ne5 O-O 10. Nxd7 Qxd7 11. Qxd7 {½-½ (11) Condori Aranya,E (2210)-Iturry,W (2241) Ilo Moquegua 2012}) 7... Ba6 8. Rc1 c6 9. Ngf3 O-O 10. O-O Ne4 (10... Bb7 $11 {remains equal.}) 11. Nxe4 dxe4 12. Nd2 f5 13. f3 exf3 14. Nxf3 Nd7 15. Qe2 (15. Ne1 $16) 15... Rc8 16. Rfd1 Qc7 17. e4 f4 18. e5 fxg3 19. hxg3 h6 20. Nh4 c5 21. Ng6 Rfe8 22. d5 $18 Rcd8 23. d6 Qb8 24. Ne7+ Kh8 25. Nc6 Qa8 26. Rf1 Rc8 27. Ne7 Bb7 28. Bxb7 Qxb7 29. Nxc8 Qxc8 30. Rf7 Qd8 31. Qg4 Rg8 32. Qxe6 Qg5 33. Rc3 Nb8 34. Qf5 Qd2 35. Qf2 Qd1+ 36. Kg2 Nc6 37. Re3 Qd4 38. Rf4 Qd1 39. Qf3 Qd2+ 40. Re2 Qd1 41. Rf2 Qxf3+ 42. R4xf3 Nxe5 43. Rf8 Nd7 44. Rxg8+ Kxg8 45. Kf1 g5 46. Ke2 Kg7 47. Kd3 Nf6 48. Re2 h5 49. d7 Nxd7 50. Re7+ Kg6 51. Rxd7 h4 52. gxh4 gxh4 53. Ke4 1-0

[Event "EYCC Open U12 2018"]
[Site "Riga"]
[Date "2018.08.20"]
[Round "1"]
[White "Grebnev, Aleksey"]
[Black "Akulov, Mikhail"]
[Result "1-0"]
[ECO "B80"]
[WhiteElo "2143"]
[BlackElo "1663"]
[Annotator "NA"]
[PlyCount "139"]
[EventDate "2018.08.20"]
[EventType "swiss"]
[EventCountry "LAT"]
[SourceTitle "playchess.com"]
[Source "ChessBase"]
[SourceQuality "1"]
[TimeControl "40/5400+30:1800+30"]

1. e4 c5 2. Nf3 e6 3. d4 cxd4 4. Nxd4 Nf6 5. Nc3 d6 6. Be3 a6 7. f3 Be7 8. Qd2 Nc6 9. g4 Qc7 {[%emt 0:02:32] LiveBook: 51 Games} 10. g5 Nd7 11. f4 $11 (11. O-O-O $16) 11... b5 12. Bg2 Bb7 13. f5 Nc5 14. O-O Ne5 15. b4 Nc4 16. Qe2 Nxe3 17. Qxe3 e5 18. Ndxb5 axb5 19. bxc5 Bxg5 20. Qxg5 Qxc5+ 21. Kh1 Qxc3 22. Qxg7 Rf8 23. Rad1 Qc5 24. Rd2 Rxa2 25. Rfd1 Rxc2 26. Rxd6 Qxd6 27. Rxd6 Rc1+ 28. Bf1 Rxf1+ 29. Kg2 Rxf5 30. Rd5 Bxd5 31. exd5 h6 32. h4 e4 33. d6 Rd5 34. Qf6 Rg8+ 35. Kf1 Rxd6 36. Qxd6 Rg6 37. Qb8+ Ke7 38. Qb7+ Kf6 39. Qxe4 Kg7 40. Qe5+ Kg8 41. Qxb5 Rf6+ 42. Kg2 Rg6+ 43. Kf3 Rf6+ 44. Ke4 Re6+ 45. Kf5 Rg6 46. Qe5 Re6 47. Qb8+ Kg7 48. h5 Rf6+ 49. Ke5 Re6+ 50. Kd5 Ra6 51. Qe5+ Kg8 52. Qg3+ Kf8 53. Qd3 Ra5+ 54. Kd6 Kg8 55. Qe2 Kg7 56. Qg4+ Rg5 57. Qd4+ Kg8 58. Ke7 Rxh5 59. Qd8+ Kh7 60. Kxf7 Rf5+ 61. Ke6 Rg5 62. Qd3+ Kg7 63. Qd4+ Kg6 64. Qe4+ Kg7 65. Qf4 Kh7 66. Qe4+ Kg7 67. Ke7 Kh8 68. Qe6 Rg7+ 69. Kf8 Kh7 70. Qf5+ 1-0

[Event "EYCC Open U12 2018"]
[Site "Riga"]
[Date "2018.08.20"]
[Round "1"]
[White "Backiel, Hubert"]
[Black "Makoveev, Ilya"]
[Result "0-1"]
[ECO "A15"]
[WhiteElo "1675"]
[BlackElo "2249"]
[Annotator "NA"]
[PlyCount "92"]
[EventDate "2018.08.20"]
[EventType "swiss"]
[EventCountry "LAT"]
[SourceTitle "playchess.com"]
[Source "ChessBase"]
[SourceQuality "1"]
[TimeControl "40/5400+30:1800+30"]

1. c4 Nf6 2. Nf3 g6 3. g3 Bg7 4. Bg2 O-O 5. O-O d5 6. cxd5 Nxd5 {[%emt 0:00:02] LiveBook: 838 Games} 7. Nc3 Nb6 8. d3 Nc6 9. Be3 e5 10. Nd2 Nd4 11. Rc1 c6 12. Nb3 Qe7 13. Ne4 Nd5 14. Bd2 $11 Re8 15. e3 Nxb3 16. Qxb3 Be6 17. Qc2 Rad8 18. Nc5 Bc8 19. Nb3 Nb4 20. Bxb4 Qxb4 21. Rfd1 Bg4 22. Rd2 Re7 23. h3 Bf5 24. Qc5 Qxc5 25. Nxc5 b6 26. Ne4 c5 27. Kf1 Bc8 28. Nc3 Red7 29. Ke2 Ba6 30. Rcd1 Rd6 31. Ne4 Re6 32. Nc3 Red6 33. Ne4 R6d7 34. Nc3 Bc8 35. Rh1 Kf8 36. Bc6 Rd6 37. Bg2 Ba6 38. Rhd1 f5 39. Bf1 e4 40. Ke1 exd3 41. Rc1 Bb7 42. f4 c4 43. Kf2 Re6 44. b3 Rxe3 45. bxc4 Bd4 46. Kg1 Re2# 0-1

[Event "EYCC Open U12 2018"]
[Site "Riga"]
[Date "2018.08.20"]
[Round "1"]
[White "Triboi, Alexander"]
[Black "Chyzy, Jakub"]
[Result "0-1"]
[ECO "D00"]
[WhiteElo "1670"]
[BlackElo "2143"]
[Annotator "NA"]
[PlyCount "72"]
[EventDate "2018.08.20"]
[EventType "swiss"]
[EventCountry "LAT"]
[SourceTitle "playchess.com"]
[Source "ChessBase"]
[SourceQuality "1"]
[TimeControl "40/5400+30:1800+30"]

1. d4 d5 2. Bf4 Nf6 3. e3 e6 4. Nf3 Be7 5. h3 O-O 6. Bd3 c5 7. c3 Nc6 {[%emt 0:01:20] LiveBook: 5 Games} 8. O-O c4 9. Bc2 b5 10. Nbd2 a5 11. e4 dxe4 12. Nxe4 Nd5 $11 13. Bh2 f5 14. Ned2 Bd6 15. Bxd6 Qxd6 16. a4 Ba6 17. axb5 Bxb5 18. Ba4 Ba6 19. Bxc6 Qxc6 20. Rxa5 Nf4 21. Rc5 Qb7 22. Nxc4 Rf6 23. Kh2 Rh6 24. Rg1 Rc8 25. Nd6 Qb8 26. Ne5 Qxd6 27. Qa4 Ng6 28. Ra5 Bb7 29. Re1 Nf4 30. f3 Bxf3 31. gxf3 Rxh3+ 32. Kg1 Qe7 33. Qd7 Rh1+ 34. Kf2 Qh4+ 35. Ke3 Rxe1+ 36. Kd2 Qf2# 0-1

[Event "EYCC Open U12 2018"]
[Site "Riga"]
[Date "2018.08.21"]
[Round "2"]
[White "Aguado Doncel, Pablo Luis"]
[Black "Grebnev, Aleksey"]
[Result "0-1"]
[ECO "E91"]
[WhiteElo "1867"]
[BlackElo "2143"]
[Annotator "NA RC"]
[PlyCount "52"]
[EventDate "2018.08.20"]
[EventType "swiss"]
[EventCountry "LAT"]
[SourceTitle "playchess.com"]
[Source "ChessBase"]
[SourceQuality "1"]
[TimeControl "40/5400+30:1800+30"]

1. d4 Nf6 2. c4 g6 3. Nc3 Bg7 4. e4 d6 5. Nf3 O-O 6. Be2 Nbd7 7. O-O e5 8. d5 Nc5 9. Nd2 a5 10. b3 Ne8 11. a3 f5 12. f3 Bh6 13. Rb1 Be3+ 14. Kh1 f4 15. b4 Na6 $11 16. c5 dxc5 17. b5 Nb8 18. Nc4 Bd4 19. Na4 Qh4 20. d6 Rf6 21. dxc7 g5 22. Ne3 Rh6 23. Bc4+ Kh8 24. Kg1 fxe3 25. Re1 e2+ 26. Qxd4 Qxe1# 0-1

[Event "EYCC Open U12 2018"]
[Site "Riga"]
[Date "2018.08.22"]
[Round "3"]
[White "Murzin, Volodar"]
[Black "Ristic, Luka"]
[Result "1-0"]
[ECO "B06"]
[WhiteElo "2306"]
[BlackElo "2005"]
[Annotator "NA"]
[PlyCount "79"]
[EventDate "2018.08.20"]
[EventType "swiss"]
[EventCountry "LAT"]
[SourceTitle "playchess.com"]
[Source "ChessBase"]
[SourceQuality "1"]
[TimeControl "40/5400+30:1800+30"]

1. e4 g6 2. d4 Bg7 3. Nf3 c6 4. Bd3 d5 5. Nbd2 dxe4 6. Nxe4 Nf6 7. O-O O-O 8. c3 Nbd7 9. h3 Nxe4 10. Bxe4 e5 11. Be3 {[%emt 0:10:31] B15: Caro-Kann: 3 Nc3: 3...g6 and 3...dxe4 4 Nxe4 Nf6 5 Nxf6+ exf6} Qe7 $146 ({Predecessor:} 11... exd4 12. Bxd4 Nf6 13. Bc2 b6 14. Be5 Bb7 15. Nd4 Qd5 16. f4 c5 17. Nf3 Rad8 18. Qe1 Nh5 {0-1 (35) Sengupta,D (2575)-Cheng,B (2446) Hastings 2016}) 12. dxe5 Nxe5 13. Re1 Nxf3+ 14. Qxf3 Be6 15. a4 f5 16. Bc2 Bd5 17. Qf4 Rae8 18. Bd4 Qxe1+ 19. Rxe1 Rxe1+ 20. Kh2 Bxd4 21. Qxd4 Rfe8 22. Bd1 Rf1 (22... R8e7 $11 {remains equal.}) 23. Bf3 Bf7 $2 (23... Re7 $16 {was worth a try.}) 24. Qxa7 Ree1 25. g4 fxg4 (25... Re7 $142 26. gxf5 gxf5) 26. hxg4 (26. Bg2 $18 {and the rest is easy.}) 26... Rb1 27. Bg2 Rfe1 28. Qxb7 Re2 $18 29. Qb8+ Kg7 30. Qa7 Rbxb2 31. Kg3 Red2 32. Bxc6 h5 33. c4 h4+ 34. Kxh4 Rxf2 35. Bd5 Kg8 36. Kg5 Rbe2 37. Qb8+ Kg7 38. a5 Rf6 39. a6 Re8 40. Qb2 1-0

[Event "EYCC Open U12 2018"]
[Site "Riga"]
[Date "2018.08.22"]
[Round "3"]
[White "Safin, Robert"]
[Black "Samadov, Read"]
[Result "1-0"]
[ECO "D14"]
[WhiteElo "2156"]
[BlackElo "1997"]
[Annotator "NA"]
[PlyCount "115"]
[EventDate "2018.08.20"]
[EventType "swiss"]
[EventCountry "LAT"]
[SourceTitle "playchess.com"]
[Source "ChessBase"]
[SourceQuality "1"]
[TimeControl "40/5400+30:1800+30"]

1. d4 d5 2. c4 c6 3. cxd5 cxd5 4. Nf3 Nf6 5. Nc3 Nc6 6. Bf4 Bf5 7. e3 {[%emt 0:00:16] LiveBook: 4226 Games} a6 8. Be2 e6 9. Nh4 {[%emt 0:01:24] D13: Slav Defence: Exchange variation without ...Bf5} (9. Ne5 Nxe5 10. Bxe5 Nd7 11. Bg3 Be7 12. O-O O-O 13. Rc1 Rc8 14. Bd3 Bxd3 15. Qxd3 Qa5 16. Rc2 Rc6 17. Rfc1 Rfc8 18. f3 Bb4 19. e4 Bxc3 20. bxc3 Nb6 21. h4 {0-1 (42) Vallejo Pons,F (2711)-Andreikin,D (2737) Tallinn 2016}) 9... Bg6 10. Nxg6 hxg6 11. h3 Bd6 12. Bxd6 Qxd6 13. Rc1 O-O $146 ({Predecessor:} 13... Rc8 14. O-O O-O 15. Na4 Nd7 16. Nc5 Nxc5 17. Rxc5 {½-½ (46) Harutyunyan,T-Cruz Lledo,P (1887) Benidorm 2006}) 14. O-O Rfc8 15. Na4 Nd7 16. Qd2 Rc7 17. Nc5 Na7 18. b4 Rac8 19. Bd3 a5 20. Nxd7 Qxd7 21. bxa5 Qa4 22. Rb1 Nc6 23. Rb5 Nd8 $16 24. Rfb1 Rc3 25. Kh2 Qa3 26. R1b3 Qd6+ 27. g3 Rc1 28. Rb1 Rxb1 29. Rxb1 Ra8 30. Qc3 Nc6 31. a6 bxa6 32. Rb6 Rc8 33. Bxa6 Ne7 34. Rxd6 Rxc3 35. a4 Nf5 36. Rd8+ Kh7 37. Rd7 Kg8 38. Bb5 Rc2 39. Kg1 Rc1+ 40. Kg2 Rc2 41. Kf3 Rc3 42. Ke2 Rc2+ 43. Ke1 Ra2 44. Rd8+ Kh7 45. Be8 f6 46. Bf7 Ra1+ 47. Ke2 Ra2+ 48. Kf3 Ra3 49. Kg2 Ra2 50. Bg8+ Kh6 51. Bxe6 Kh7 52. Bxf5 gxf5 53. Rxd5 Rxa4 54. Rxf5 Kg6 55. Rb5 Ra2 56. g4 Rd2 57. Kg3 Re2 58. Rb3 1-0

[Event "EYCC Open U12 2018"]
[Site "Riga"]
[Date "2018.08.22"]
[Round "3"]
[White "Grebnev, Aleksey"]
[Black "Tunsjo, Axel"]
[Result "1-0"]
[ECO "B42"]
[WhiteElo "2143"]
[BlackElo "1973"]
[Annotator "NA"]
[PlyCount "43"]
[EventDate "2018.08.20"]
[EventType "swiss"]
[EventCountry "LAT"]
[SourceTitle "playchess.com"]
[Source "ChessBase"]
[SourceQuality "1"]
[TimeControl "40/5400+30:1800+30"]

1. e4 c5 2. Nf3 e6 3. d4 cxd4 4. Nxd4 a6 5. Bd3 Nc6 6. Nxc6 dxc6 7. O-O Bc5 {[%emt 0:01:53] B42: Sicilian: Kan Variation: 5 Bd3} (7... e5 8. a4 Nf6 9. Nd2 Bc5 10. Qf3 O-O 11. Nc4 Re8 12. a5 Qe7 13. Bg5 h6 14. Bd2 Bg4 15. Qg3 Rad8 16. Rae1 Kh8 {½-½ (68) Kovalenko,I (2626)-Laurusas,T (2428) Tallinn 2018}) 8. Qg4 $146 ({Predecessor:} 8. Qh5 Be7 9. e5 g6 10. Qe2 h5 11. Rd1 Qb6 12. Nd2 Nh6 13. Nc4 Qc7 14. Nd6+ Bxd6 15. exd6 Qd7 16. Qe5 f6 17. Qxf6 Rf8 18. Bxg6+ Nf7 19. Bg5 b6 20. Re1 Qxd6 21. Rad1 {1-0 (21) Tarasov,D (2165)-Sumaneev,D (2450) Kirov 2014}) 8... Bd4 9. c3 Bf6 10. Rd1 e5 11. Qe2 Qc7 12. a4 Ne7 13. Be3 O-O 14. a5 Ng6 15. g3 Bd8 16. Na3 Be6 17. b4 f5 18. exf5 Bxf5 19. Bxf5 Rxf5 20. Nc4 Rf6 $18 (20... Be7 21. Nb6 Re8) 21. Nb6 Rb8 22. Rd7 1-0

[Event "EYCC Open U12 2018"]
[Site "Riga"]
[Date "2018.08.22"]
[Round "3"]
[White "Mekhane, Adam"]
[Black "Makoveev, Ilya"]
[Result "0-1"]
[ECO "B90"]
[WhiteElo "2008"]
[BlackElo "2249"]
[Annotator "NA"]
[PlyCount "66"]
[EventDate "2018.08.20"]
[EventType "swiss"]
[EventCountry "LAT"]
[SourceTitle "playchess.com"]
[Source "ChessBase"]
[SourceQuality "1"]
[TimeControl "40/5400+30:1800+30"]

1. e4 c5 2. Nf3 d6 3. d4 cxd4 4. Nxd4 Nf6 5. Nc3 a6 6. Bc4 e6 7. Bb3 Be7 8. g4 h6 9. Be3 b5 {[%emt 0:08:55] LiveBook: 6 Games} 10. f3 Bd7 11. a3 Nc6 12. Qe2 Rc8 13. Nxc6 Bxc6 14. Rg1 $11 Nd7 15. Rd1 Qc7 16. Bd4 O-O 17. f4 e5 18. Be3 exf4 19. Bxf4 Ne5 20. Kd2 d5 21. Rgf1 d4 22. Nd5 Bxd5 23. exd5 Bg5 24. Bxg5 hxg5 25. Qe4 d3 26. cxd3 Rfe8 27. Qd4 Qa5+ 28. Qb4 Qb6 29. Rde1 a5 30. Qe4 Nc4+ 31. dxc4 Rxe4 32. Rxe4 bxc4 33. Bxc4 Qxb2+ 0-1

[Event "EYCC Open U12 2018"]
[Site "Riga"]
[Date "2018.08.22"]
[Round "3"]
[White "Razafindratsima, Timothe"]
[Black "Chyzy, Jakub"]
[Result "1-0"]
[ECO "B03"]
[WhiteElo "1978"]
[BlackElo "2143"]
[Annotator "NA"]
[PlyCount "99"]
[EventDate "2018.08.20"]
[EventType "swiss"]
[EventCountry "LAT"]
[SourceTitle "playchess.com"]
[Source "ChessBase"]
[SourceQuality "1"]
[TimeControl "40/5400+30:1800+30"]

1. e4 Nf6 2. e5 Nd5 3. c4 Nb6 4. d4 d6 5. exd6 exd6 6. Nc3 Be7 7. Be2 O-O 8. Nf3 Nc6 9. O-O Bf6 10. Be3 Bf5 11. Rc1 d5 12. b3 dxc4 13. bxc4 Na5 14. c5 Nd5 15. Qa4 Nxc3 $11 16. Rxc3 Nc6 17. Rd1 Ne7 18. Rcc1 Nd5 19. Qb3 Rb8 20. Bc4 Be6 21. Qa3 a6 22. Be2 Re8 23. h3 Qe7 24. Bf1 Nxe3 25. Qxe3 Bxa2 26. Qf4 Bd5 27. Bc4 Qd7 28. Bxd5 Qxd5 29. Qxc7 Rbc8 30. Qb6 Re6 31. Qb4 Rce8 32. Rb1 R6e7 33. Qa4 g6 34. Rb6 Re6 35. Rd6 Qe4 36. Re1 Qf5 37. Qxe8+ Rxe8 38. Rxe8+ Kg7 39. d5 Qb1+ 40. Kh2 Qb4 41. Rc8 Be7 42. Rb6 Qf4+ 43. Kh1 Qc1+ 44. Ng1 Bxc5 45. Rxb7 Qa3 46. Rcc7 Kh6 47. Rxf7 Qa1 48. Rxh7+ Kg5 49. Rbf7 Bd6 50. g3 1-0

[Event "EYCC Open U12 2018"]
[Site "Riga"]
[Date "2018.08.24"]
[Round "5"]
[White "Murzin, Volodar"]
[Black "Makoveev, Ilya"]
[Result "1/2-1/2"]
[ECO "C00"]
[WhiteElo "2306"]
[BlackElo "2249"]
[Annotator "NA"]
[PlyCount "74"]
[EventDate "2018.08.20"]
[EventType "swiss"]
[EventCountry "LAT"]
[SourceTitle "playchess.com"]
[Source "ChessBase"]
[SourceQuality "1"]
[TimeControl "40/5400+30:1800+30"]

1. e4 e6 2. d3 d5 3. Nd2 c5 4. Ngf3 Nc6 5. g3 Nf6 6. Bg2 g6 7. O-O Bg7 8. Re1 O-O 9. c3 a5 10. a4 {[%emt 0:00:31] LiveBook: 57 Games A08: King's Indian Attack} b6 11. e5 Ng4 12. d4 cxd4 13. cxd4 f6 14. h3 Nh6 15. Nf1 $146 ({Predecessor:} 15. b3 Nf5 16. Nf1 fxe5 17. dxe5 Ba6 {0-1 (33) Vega Gutierrez,S (2427)-Grigoriants,S (2568) Caleta 2018}) 15... Nf7 16. exf6 Qxf6 17. Be3 Ba6 18. N1h2 Nb4 19. Ra3 Rac8 20. Rc3 Qe7 21. Bf1 Bxf1 22. Nxf1 Nd6 23. N1d2 Nc4 24. Nxc4 dxc4 25. Nd2 Nd3 26. Rf1 Qb4 27. Qc2 Qxb2 $11 28. Nxc4 Qxc2 29. Rxc2 Nb4 30. Rcc1 Nd3 31. Rc2 Rfd8 32. Rd1 Nb4 33. Rcc1 Na2 34. Rc2 Nb4 35. Rcc1 Na2 36. Rc2 Nb4 37. Rcc1 Na2 1/2-1/2

[Event "EYCC Open U12 2018"]
[Site "Riga"]
[Date "2018.08.24"]
[Round "5"]
[White "Safin, Robert"]
[Black "Silich, Yahor"]
[Result "1/2-1/2"]
[ECO "E67"]
[WhiteElo "2156"]
[BlackElo "2043"]
[Annotator "NA"]
[PlyCount "94"]
[EventDate "2018.08.20"]
[EventType "swiss"]
[EventCountry "LAT"]
[SourceTitle "playchess.com"]
[Source "ChessBase"]
[SourceQuality "1"]
[TimeControl "40/5400+30:1800+30"]

1. d4 Nf6 2. Nf3 g6 3. g3 Bg7 4. Bg2 O-O 5. c4 d6 6. Nc3 Nbd7 7. O-O e5 8. dxe5 dxe5 9. Qc2 c6 10. Rd1 Qe7 11. e4 Nc5 12. Be3 Bg4 13. h3 Bxf3 14. Bxf3 Ne6 15. Bg2 Nd7 16. Rd2 Ndc5 17. b4 Nd4 18. Qb2 $15 Nce6 19. Rad1 Rfd8 20. c5 a5 21. a3 axb4 22. axb4 Qc7 23. Kh1 h5 24. Bf1 h4 25. Bc4 Qe7 26. Kg2 Qf6 27. Rd3 Ng5 28. Bxg5 Qxg5 29. Ne2 Qe7 30. Nxd4 Rxd4 31. Qb3 Rad8 32. Rf3 Bf6 33. Re1 Kg7 34. Ree3 Rf8 35. Rd3 Rfd8 36. g4 Rxd3 37. Rxd3 Rxd3 38. Qxd3 Qd8 39. Qf3 Qd7 40. Qc3 Qe7 41. Bb3 Bg5 42. b5 Bf4 43. Qc4 Qd7 44. b6 Kf6 45. Ba4 Ke7 46. Bb3 Kf6 47. Ba4 Ke7 1/2-1/2

[Event "EYCC Open U12 2018"]
[Site "Riga"]
[Date "2018.08.24"]
[Round "5"]
[White "Tyurin, Artem"]
[Black "Siniauski, Artsiom"]
[Result "0-1"]
[ECO "A50"]
[WhiteElo "2002"]
[BlackElo "2081"]
[Annotator "NA"]
[PlyCount "84"]
[EventDate "2018.08.20"]
[EventType "swiss"]
[EventCountry "LAT"]
[SourceTitle "playchess.com"]
[Source "ChessBase"]
[SourceQuality "1"]
[TimeControl "40/5400+30:1800+30"]

1. d4 Nf6 2. c4 c6 3. Nc3 d5 4. cxd5 cxd5 5. Bf4 Qb6 6. Qd2 Nc6 7. e3 Bf5 8. Bb5 e6 9. a3 Be7 10. Nge2 $15 O-O 11. O-O Na5 12. Nc1 Rac8 13. b4 Nc4 14. Bxc4 Rxc4 15. N1e2 Nh5 16. Be5 f6 17. Bg3 Nxg3 18. Nxg3 Bg6 19. f4 Rfc8 20. Rac1 a5 21. f5 axb4 22. fxg6 bxc3 23. gxh7+ Kh8 24. Qd3 f5 25. Rc2 Bxa3 26. Nh5 Bd6 27. g4 g6 28. Nf6 Qd8 29. g5 Be7 30. Ng4 Bd6 31. Nf6 b5 32. h4 b4 33. Rb1 Be7 34. Ng4 fxg4 35. Qxg6 Qd6 36. Rf2 e5 37. Rf6 Bxf6 38. gxf6 R4c7 39. Rf1 c2 40. Kg2 Rxh7 41. dxe5 Qxe5 42. f7 Qe4+ 0-1

[Event "EYCC Open U12 2018"]
[Site "Riga"]
[Date "2018.08.24"]
[Round "5"]
[White "Strybuk, Artsiom I"]
[Black "Damjanovic, Vuk"]
[Result "1-0"]
[ECO "B07"]
[WhiteElo "1999"]
[BlackElo "2044"]
[Annotator "NA"]
[PlyCount "119"]
[EventDate "2018.08.20"]
[EventType "swiss"]
[EventCountry "LAT"]
[SourceTitle "playchess.com"]
[Source "ChessBase"]
[SourceQuality "1"]
[TimeControl "40/5400+30:1800+30"]

1. e4 d6 2. d4 Nf6 3. Nc3 Nc6 4. f3 g6 5. Be3 Bg7 6. Nge2 O-O 7. Qd2 e5 8. d5 Ne7 9. O-O-O Bd7 {[%emt 0:18:08] B07: Pirc Defence: Miscellaneous Systems} 10. h4 $146 ({Predecessor:} 10. g4 Ne8 11. h4 f5 12. gxf5 gxf5 13. Bg5 f4 14. Bh3 Bxh3 15. Rxh3 h6 16. Bxe7 Qxe7 17. h5 {1-0 (53) Shtyrenkov,V (2393)-Sysoenko,A (2266) Alushta 2010}) 10... b5 11. h5 b4 12. Nb1 a5 13. g4 a4 14. Qxb4 Qc8 15. Ng3 Rd8 16. Qd2 Qb7 17. Bh6 Rdb8 18. b3 axb3 19. axb3 $16 Ra1 20. hxg6 fxg6 21. Bxg7 Kxg7 22. Qh6+ Kf7 23. g5 Nfg8 24. Qxh7+ Kf8 25. Bd3 Qa7 26. Kd2 Rxb3 27. cxb3 Ra2+ 28. Kc1 Qe3+ 29. Rd2 Rxd2 30. Nxd2 Qxd3 31. Qh2 Bb5 32. Qf2 Qc3+ 33. Kb1 Bd3+ 34. Ka2 c6 35. Nb1 Qa5+ 36. Kb2 cxd5 37. Qd2 Qa6 38. Rd1 Bxb1 39. Rxb1 d4 40. Ra1 Qc6 41. Rc1 Qb5 42. Qc2 Qb4 43. Nf1 Qb5 44. Nh2 d3 45. Qc4 Qd7 46. Qxd3 Qh3 47. Ng4 Qg3 48. Nf6 Kf7 49. Nxg8 Kxg8 50. Qxd6 Qxg5 51. Rc7 Kf7 52. Rxe7+ Qxe7 53. Qxe7+ Kxe7 54. Kc3 Kd6 55. Kc4 Kc6 56. b4 g5 57. b5+ Kd6 58. b6 Kc6 59. b7 Kxb7 60. Kd5 1-0

[Event "EYCC Open U12 2018"]
[Site "Riga"]
[Date "2018.08.24"]
[Round "5"]
[White "Razafindratsima, Timothe"]
[Black "Sokolovsky, Yahli"]
[Result "0-1"]
[ECO "B06"]
[WhiteElo "1978"]
[BlackElo "2062"]
[Annotator "NA"]
[PlyCount "71"]
[EventDate "2018.08.20"]
[EventType "swiss"]
[EventCountry "LAT"]
[SourceTitle "playchess.com"]
[Source "ChessBase"]
[SourceQuality "1"]
[TimeControl "40/5400+30:1800+30"]

1. e4 g6 2. d4 Bg7 3. Nc3 d6 4. Be3 a6 5. Qd2 b5 6. a3 Bb7 {[%emt 0:02:03] B06: Modern Defence} 7. O-O-O Nd7 8. h4 Ngf6 9. f3 h5 10. Nh3 Rc8 $146 ({Predecessor:} 10... O-O 11. Ng5 c5 12. Be2 Rc8 13. g4 b4 14. Nb1 cxd4 15. Bxd4 {0-1 (29) Dahl,T (2169)-Chatalbashev,B (2546) Ballerup 2017}) 11. Qf2 O-O 12. Rg1 (12. e5 $5 Nd5 {[#]} 13. e6 $1 $14 (13. Nxd5 Bxd5 14. Nf4 Nb6 $11)) 12... c5 13. d5 Rb8 14. Ng5 Bc8 15. g4 (15. Kb1 $17) 15... b4 16. axb4 Rxb4 17. Bh3 Qa5 18. Qe1 Nb6 19. Bf1 Nfd7 20. f4 Rxb2 21. e5 $19 dxe5 22. f5 e4 23. f6 Ne5 24. Kd2 Nbc4+ 25. Bxc4 Nxc4+ 26. Ke2 Rxc2+ 27. Kf1 Rxc3 28. Bxc5 Qxc5 29. fxg7 Ne3+ 30. Ke2 Qc4+ 31. Kf2 Nxd1+ 32. Qxd1 Rc2+ 33. Kg3 Qc3+ 34. Nf3 Kxg7 35. Qd4+ Qxd4 36. Nxd4 0-1

[Event "EYCC Open U12 2018"]
[Site "Riga"]
[Date "2018.08.26"]
[Round "6"]
[White "Makoveev, Ilya"]
[Black "Razafindratsima, Timothe"]
[Result "1-0"]
[ECO "D90"]
[WhiteElo "2249"]
[BlackElo "1978"]
[Annotator "NA"]
[PlyCount "83"]
[EventDate "2018.08.20"]
[EventType "swiss"]
[EventCountry "LAT"]
[SourceTitle "playchess.com"]
[Source "ChessBase"]
[SourceQuality "1"]
[TimeControl "40/5400+30:1800+30"]

1. d4 Nf6 2. c4 g6 3. Nc3 d5 4. Nf3 Bg7 5. h4 {[%emt 0:01:24] D90: Grünfeld: 4 Nf3 Bg7 sidelines} (5. e3 O-O 6. Bd2 dxc4 7. Bxc4 Nbd7 8. e4 c5 9. d5 Ne8 10. Qe2 a6 11. a4 Nd6 12. Bd3 Ne5 13. Nxe5 Bxe5 14. O-O e6 15. Be3 exd5 16. Nxd5 {½-½ (25) Mamedyarov,S (2808)-Vachier Lagrave,M (2789) Stavanger 2018}) 5... h5 6. Bg5 Ne4 7. Nxd5 $146 ({Predecessor:} 7. cxd5 Nxc3 8. bxc3 Qxd5 9. g3 c5 10. Bg2 Bf5 11. O-O Be4 12. c4 Qd7 {1-0 (35) Indjic,A (2623)-Rabrenovic,V (2371) Novi Sad 2018}) 7... Nxg5 8. hxg5 Bg4 9. e3 e6 10. Nc3 O-O 11. Qb3 Nd7 12. O-O-O Rb8 13. Ne4 c6 14. Bd3 Qe7 15. Kb1 c5 16. Qa3 Rfc8 17. Bc2 ({Viel schwächer wäre} 17. Qxa7 $6 cxd4 18. Qa4 (18. exd4 Ra8 $17) 18... dxe3 $15) (17. Rd2 $16) 17... Qf8 18. dxc5 Nxc5 19. Nf6+ Bxf6 20. gxf6 b5 21. cxb5 Rxb5 22. Rd4 Rcb8 23. b3 a5 24. Ne5 a4 25. Nc6 axb3 26. axb3 Nxb3 27. Qxf8+ Kxf8 28. Bxb3 Rxb3+ 29. Ka2 Rb2+ 30. Ka1 Be2 31. Re1 Ba6 $18 (31... e5) 32. Red1 Kg8 33. Rd8+ Kh7 34. Nxb8 Rxf2 35. Nxa6 Rxf6 36. Nc5 Rf5 37. Ne4 Re5 38. R8d4 Ra5+ 39. Kb2 g5 40. Rf1 Ra7 41. Nxg5+ Kg6 42. Nxf7 1-0